Patriotes vs Gangsters
Created - February 28, 2019 at 20:27
Goals
|
| Patriotes |
4 |
1 |
2 |
7 |
| Gangsters |
2 |
2 |
1 |
5 |
|
Shots
|
| Patriotes |
15 |
5 |
9 |
29 |
| Gangsters |
17 |
6 |
5 |
28 |
|
1st period
1. Patriotes , Tyler Randell 41 (Jason Zucker 52, Jared Knight 8) at 1:41
2. Gangsters , Tomas Hertl 19 (Dave Dziurzynski 46, Steven Santini 3) at 11:50
3. Patriotes , Jason Zucker 48 (Christian Hanson 51) at 11:54
4. Gangsters , Matt Delahey 3 (Brett Ponich 22, Dustin Tokarski) at 14:58
5. Patriotes , Emerson Etem 17 (Matt Calvert 31, Timothy Kunes 40) at 18:07
6. Patriotes , Jason Zucker 49 (Christian Hanson 52, Tyler Randell 38) at 19:54
Penalties :
Stefan Noesen (Bro) for Roughing (Minor) at 4:58
2nd period
7. Gangsters , Devante Smith-Pelly 24 (Alexander Wennberg 30, Matt Delahey 27) at 0:33
8. Patriotes , Jared Knight 7 (Timothy Kunes 41) at 2:02
9. Gangsters , Richard Panik 28 (Matt Delahey 28, Tomas Hertl 43) at 7:26 (PP)
Penalties :
Borna Rendulic (Nyc) for Boarding (Minor) at 7:09, Brett Ponich (Bro) for Elbowing (Minor) at 8:40
3rd period
10. Gangsters , Seth Griffith 5 (Ryan Culkin 4, Stefan Noesen 15) at 4:29
11. Patriotes , Jason Zucker 50 (Christian Hanson 53) at 12:08 (PP)
12. Patriotes , Christian Hanson 22 (Jason Zucker 53, Shane Sims 34) at 12:59 (PP)
Penalties :
Evgeny Kuznetsov (Nyc) for Hooking (Minor) at 1:56, Shane Sims (Nyc) for Tripping (Minor) at 4:32, Jordan Subban (Bro) for Close Hand On Puck (Minor) at 12:00, Brett Ponich (Bro) for Tripping (Minor) at 12:42, Christian Hanson (Nyc) for Cross-checking (Minor) at 13:33
Goalie Stats
Thomas Greiss (Nyc), 23 saves from 28 shots - (0.821), W, 17-17-1, 60:00 minutes
Mike Condon (Bro), 11 saves from 14 shots - (0.786), L, 10-7-0, 40:06 minutes
Dustin Tokarski (Bro), 11 saves from 15 shots - (0.733), 19:54 minutes
Players Stats for Patriotes
Player Name G A P +/- PIM S H SB GA TA FO MP PP MP PK MP
------------------------------------------------------------------------------------
Aaron Ness 0 0 0 0 0 2 2 2 0 1 0/0 24:06 2:12 2:36
Aleksander Barkov 0 0 0 -2 0 1 3 0 0 0 1/5 10:22 0:00 0:00
Austin Watson 0 0 0 0 0 0 0 0 0 1 0/0 10:36 0:00 1:49
Borna Rendulic 0 0 0 -2 2 1 2 0 0 0 0/1 10:21 0:00 0:00
Christian Hanson 1 3 4 3 2 3 0 0 0 0 16/30 19:31 2:28 2:07
Dale Weise 0 0 0 0 0 0 1 0 0 0 0/0 8:23 0:00 0:00
Dillon Heatherington 0 0 0 0 0 0 2 0 0 0 0/0 14:52 0:00 1:17
Emerson Etem 1 0 1 0 0 2 1 2 0 1 1/1 17:02 1:48 0:00
Evgeny Kuznetsov 0 0 0 0 2 1 1 0 0 1 4/8 17:36 1:48 0:59
Jared Knight 1 1 2 0 0 2 3 0 0 0 1/1 8:23 0:00 0:00
Jason Zucker 3 2 5 3 0 6 1 0 1 0 0/5 20:10 2:28 3:07
Justin Florek 0 0 0 -2 0 2 1 0 1 0 0/2 10:50 0:00 0:28
Mario Lucia 0 0 0 0 0 0 0 0 0 0 0/0 0:00 0:00 0:00
Matt Calvert 0 1 1 0 0 5 2 0 0 0 0/0 17:56 1:48 1:02
Maxim Mamin 0 0 0 0 0 0 0 0 0 0 0/0 0:00 0:00 0:00
Riley Barber 0 0 0 0 0 0 0 0 0 0 0/0 0:34 0:07 0:00
Robert Baillargeon 0 0 0 0 0 0 0 0 0 0 0/0 3:01 0:00 1:54
Ryan Fitzgerald 0 0 0 0 0 0 0 0 0 0 0/0 2:25 0:10 0:00
Shane Sims 0 1 1 0 2 0 3 0 1 1 0/0 26:47 2:11 2:09
Shea Theodore 0 0 0 0 0 1 1 1 1 1 0/0 21:35 2:12 3:10
Timothy Kunes 0 2 2 2 0 0 1 0 1 1 0/0 29:38 2:11 3:16
Tyler Randell 1 1 2 3 0 3 1 1 0 0 0/0 19:34 2:32 1:02
Players Stats for Gangsters
Player Name G A P +/- PIM S H SB GA TA FO MP PP MP PK MP
------------------------------------------------------------------------------------
Alexander Wennberg 0 1 1 -1 0 2 1 1 0 0 4/6 14:35 2:42 0:00
Artturi Lehkonen 0 0 0 -1 0 2 2 0 1 0 0/0 10:07 0:00 0:00
Austen Brassard 0 0 0 0 0 0 0 0 0 0 0/0 1:07 0:20 0:00
Brett Ponich 0 1 1 2 4 2 2 0 0 2 0/0 23:11 3:58 1:21
Dave Dziurzynski 0 1 1 0 0 3 1 0 1 1 1/1 19:08 3:16 1:20
David Pope 0 0 0 -1 0 0 0 0 0 0 0/0 14:35 2:42 0:00
Derrick Pouliot 0 0 0 -4 0 0 1 0 0 0 0/0 19:25 2:16 1:22
Devante Smith-Pelly 1 0 1 -1 0 3 1 0 1 0 0/0 15:57 2:42 1:20
Jonas Brodin 0 0 0 -4 0 1 1 2 0 0 0/0 19:25 2:16 1:22
Jordan Subban 0 0 0 0 2 0 0 0 0 0 0/0 5:01 0:00 0:43
Kevin Roy 0 0 0 -1 0 1 1 0 0 0 0/1 10:07 0:00 0:00
Matt Delahey 1 2 3 2 0 4 2 1 1 1 0/0 28:09 3:58 3:01
Phillip Danault 0 0 0 1 0 1 0 0 0 0 0/1 13:03 0:00 0:38
Richard Panik 1 0 1 0 0 2 2 1 1 0 3/6 20:11 3:20 2:25
Ryan Culkin 0 1 1 1 0 0 1 2 1 1 0/0 12:06 0:00 0:00
Sebastian Collberg 0 0 0 -1 0 0 0 0 0 0 1/1 10:30 0:08 0:00
Seth Griffith 1 0 1 1 0 3 0 1 0 0 5/8 12:59 0:00 0:38
Stefan Noesen 0 1 1 1 2 2 0 1 1 0 0/0 12:43 0:12 0:00
Steven Santini 0 1 1 1 0 0 2 1 0 0 0/0 13:03 0:00 0:57
Tomas Hertl 1 1 2 0 0 2 1 0 0 0 16/29 20:11 3:20 2:25
3 Stars
1 - Jason Zucker (Nyc)
2 - Christian Hanson (Nyc)
3 - Tyler Randell (Nyc)
Power Play
Patriotes - 2 on 4 Attempt(s) - 50.00%
Gangsters - 1 on 4 Attempt(s) - 25.00%
Penalty Kill
Patriotes - 3 on 4 Attempt(s) - 75.00%
- Score 0 goal in Penalty Kill
Gangsters - 2 on 4 Attempt(s) - 50.00%
- Score 0 goal in Penalty Kill
Team Stat
Patriotes - Hits : 25 - Faceoff Wins : 23 - Blocked Shots : 6 - Penalty Minutes : 8
Gangsters - Hits : 18 - Faceoff Wins : 30 - Blocked Shots : 10 - Penalty Minutes : 8
Official
Referees : Unknown
Linesman : Unknown
Game Notes
Mike Condon enters game at 19:54 of 1st period
Jason Zucker has scored a Hat Trick!
Finance
Level 1 -- Attendance: 1438 (71.90%) -- Ticket Income $57,520
Level 2 -- Attendance: 792 (79.20%) -- Ticket Income $15,840
Total Attendance: 2230 (74.33%)
Total Ticket Income: $73,360
Other Income: $3,668
Total Income: $77,028
Patriotes
5 vs 5 Forward
Center Left Wing Right Wing Time % Phy DF OF
1 Christian Hanson Jason Zucker Tyler Randell 40 1 2 2
2 Evgeny Kuznetsov Matt Calvert Emerson Etem 30 1 2 2
3 Aleksander Barkov Justin Florek Borna Rendulic 20 1 2 2
4 Jared Knight Austin Watson Dale Weise 10 1 2 2
5 vs 5 Defense
Defense Defense Time % Phy DF OF
1 Timothy Kunes Shane Sims 40 1 2 2
2 Aaron Ness Shea Theodore 30 1 2 2
3 Dillon Heatherington Timothy Kunes 20 1 2 2
4 Shane Sims Aaron Ness 10 1 2 2
PowerPlay Forward
Center Left Wing Right Wing Time % Phy DF OF
1 Christian Hanson Jason Zucker Tyler Randell 60 1 2 2
2 Evgeny Kuznetsov Matt Calvert Emerson Etem 40 1 2 2
PowerPlay Defense
Defense Defense Time % Phy DF OF
1 Timothy Kunes Shane Sims 60 1 2 2
2 Aaron Ness Shea Theodore 40 1 2 2
Penalty Kill 4 Players Forward
Center Wing Time % Phy DF OF
1 Jason Zucker Christian Hanson 60 1 2 2
2 Matt Calvert Tyler Randell 40 1 2 2
Penalty Kill 4 Players Defense
Defense Defense Time % Phy DF OF
1 Timothy Kunes Shane Sims 60 1 2 2
2 Aaron Ness Shea Theodore 40 1 2 2
Penalty Kill - 3 Players Forward
Forward Time % Phy DF OF
1 Jason Zucker 60 1 2 2
2 Christian Hanson 40 1 2 2
Penalty Kill - 3 Players Defense
Defense Defense Time % Phy DF OF
1 Timothy Kunes Shane Sims 60 1 2 2
2 Aaron Ness Shea Theodore 40 1 2 2
4 vs 4 Forward
Center Wing Time % Phy DF OF
1 Jason Zucker Christian Hanson 60 1 2 2
2 Matt Calvert Tyler Randell 40 1 2 2
4 vs 4 Defense
Defense Defense Time % Phy DF OF
1 Timothy Kunes Shane Sims 60 1 2 2
2 Aaron Ness Shea Theodore 40 1 2 2
Last Minutes Offensive
Center Left Wing Right Wing Defense Defense
Christian Hanson Jason Zucker Tyler Randell Timothy Kunes Shane Sims
Last Minutes Defensive
Center Left Wing Right Wing Defense Defense
Christian Hanson Jason Zucker Tyler Randell Timothy Kunes Shane Sims
Goaltenders
Starting : Thomas Greiss
Backup : Andrei Vasilevskiy
Extra Forwards
Normal : Ryan Fitzgerald, Riley Barber, Robert Baillargeon - PP : Ryan Fitzgerald, Riley Barber - PK : Robert Baillargeon
Extra Defensemen
Normal : Dillon Heatherington, Shea Theodore, Timothy Kunes - PP : Dillon Heatherington - PK : Shea Theodore, Timothy Kunes
Penalty Shots
Jason Zucker, Christian Hanson, Matt Calvert, Tyler Randell, Evgeny Kuznetsov
Scratches
David Kolomatis (Broken Right Thumb Injury), Anthony Bitetto (Concussion Injury), Phoenix Copley (Healthy)
Gangsters
5 vs 5 Forward
Center Left Wing Right Wing Time % Phy DF OF
1 Tomas Hertl Dave Dziurzynski Richard Panik 40 1 2 2
2 Alexander Wennberg David Pope Devante Smith-Pelly 30 1 2 2
3 Seth Griffith Phillip Danault Stefan Noesen 20 1 2 2
4 Kevin Roy Artturi Lehkonen Sebastian Collberg 10 1 2 2
5 vs 5 Defense
Defense Defense Time % Phy DF OF
1 Matt Delahey Brett Ponich 40 1 2 2
2 Jonas Brodin Derrick Pouliot 30 1 2 2
3 Ryan Culkin Steven Santini 20 1 2 2
4 Jordan Subban Matt Delahey 10 1 2 2
PowerPlay Forward
Center Left Wing Right Wing Time % Phy DF OF
1 Tomas Hertl Dave Dziurzynski Richard Panik 60 1 2 2
2 Alexander Wennberg David Pope Devante Smith-Pelly 40 1 2 2
PowerPlay Defense
Defense Defense Time % Phy DF OF
1 Matt Delahey Brett Ponich 60 1 2 2
2 Jonas Brodin Derrick Pouliot 40 1 2 2
Penalty Kill 4 Players Forward
Center Wing Time % Phy DF OF
1 Richard Panik Tomas Hertl 60 1 2 2
2 Dave Dziurzynski Devante Smith-Pelly 40 1 2 2
Penalty Kill 4 Players Defense
Defense Defense Time % Phy DF OF
1 Matt Delahey Brett Ponich 60 1 2 2
2 Jonas Brodin Derrick Pouliot 40 1 2 2
Penalty Kill - 3 Players Forward
Forward Time % Phy DF OF
1 Richard Panik 60 1 2 2
2 Tomas Hertl 40 1 2 2
Penalty Kill - 3 Players Defense
Defense Defense Time % Phy DF OF
1 Matt Delahey Brett Ponich 60 1 2 2
2 Jonas Brodin Derrick Pouliot 40 1 2 2
4 vs 4 Forward
Center Wing Time % Phy DF OF
1 Richard Panik Tomas Hertl 60 1 2 2
2 Dave Dziurzynski Devante Smith-Pelly 40 1 2 2
4 vs 4 Defense
Defense Defense Time % Phy DF OF
1 Matt Delahey Brett Ponich 60 1 2 2
2 Jonas Brodin Derrick Pouliot 40 1 2 2
Last Minutes Offensive
Center Left Wing Right Wing Defense Defense
Tomas Hertl Dave Dziurzynski Richard Panik Matt Delahey Brett Ponich
Last Minutes Defensive
Center Left Wing Right Wing Defense Defense
Tomas Hertl Dave Dziurzynski Richard Panik Matt Delahey Brett Ponich
Goaltenders
Starting : Dustin Tokarski
Backup : Mike Condon
Extra Forwards
Normal : Austen Brassard, Stefan Noesen, Seth Griffith - PP : Austen Brassard, Stefan Noesen - PK : Seth Griffith
Extra Defensemen
Normal : Ryan Culkin, Steven Santini, Jordan Subban - PP : Ryan Culkin - PK : Steven Santini, Jordan Subban
Penalty Shots
Richard Panik, Tomas Hertl, Dave Dziurzynski, Devante Smith-Pelly, Alexander Wennberg
Scratches
Morgan Ellis (Bruised Right Arm Injury), Jordan Binnington (Healthy)
% Time on Ice - Patriotes
Lines # - Real PCT - Wanted PCT - Time Play
Normal Forward
1 - 31% - 40% - 15:32
2 - 31% - 30% - 15:06
3 - 21% - 20% - 10:22
4 - 17% - 10% - 8:23
Normal Defense
1 - 39% - 40% - 19:03
2 - 31% - 30% - 15:26
3 - 21% - 20% - 10:26
4 - 9% - 10% - 4:28
PP Forward
1 - 59% - 60% - 2:35
2 - 41% - 40% - 1:48
PP Defense
1 - 50% - 60% - 2:11
2 - 50% - 40% - 2:12
PK Forward
1 - 83% - 60% - 5:12
2 - 17% - 40% - 1:02
PK Defense
1 - 62% - 60% - 3:51
2 - 38% - 40% - 2:23
PK3 Forward
1 - 0% - 60%
2 - 0% - 40%
PK3 Defense
1 - 0% - 60%
2 - 0% - 40%
44 Forward
1 - 0% - 60%
2 - 0% - 40%
44 Defense
1 - 0% - 60%
2 - 0% - 40%
Last Minute Offensive - 0:00
Last Minute Defensive - 0:00
Total
Forward - 60:00
Defense - 60:00
|
% Time on Ice - Gangsters
Lines # - Real PCT - Wanted PCT - Time Play
Normal Forward
1 - 33% - 40% - 16:04
2 - 24% - 30% - 11:53
3 - 23% - 20% - 11:19
4 - 20% - 10% - 10:07
Normal Defense
1 - 35% - 40% - 17:11
2 - 32% - 30% - 15:47
3 - 25% - 20% - 12:06
4 - 9% - 10% - 4:19
PP Forward
1 - 57% - 60% - 3:32
2 - 43% - 40% - 2:42
PP Defense
1 - 64% - 60% - 3:58
2 - 36% - 40% - 2:16
PK Forward
1 - 70% - 60% - 3:03
2 - 30% - 40% - 1:20
PK Defense
1 - 69% - 60% - 3:01
2 - 31% - 40% - 1:22
PK3 Forward
1 - 0% - 60%
2 - 0% - 40%
PK3 Defense
1 - 0% - 60%
2 - 0% - 40%
44 Forward
1 - 0% - 60%
2 - 0% - 40%
44 Defense
1 - 0% - 60%
2 - 0% - 40%
Last Minute Offensive - 0:00
Last Minute Defensive - 0:00
Total
Forward - 60:00
Defense - 60:00
|
Play-by-Play
1st period
0:01 of 1st period - Tomas Hertl wins face-off versus Christian Hanson in neutral zone.
0:04 of 1st period - Snap shot by Tomas Hertl.
0:04 of 1st period - Shot Misses the Net.
0:26 of 1st period - Brett Ponich is hit by Timothy Kunes and loses puck.
0:37 of 1st period - Wrist shot by Evgeny Kuznetsov.
0:37 of 1st period - Deflect By Brett Ponich.
0:37 of 1st period - Stopped by Dustin Tokarski with a rebound.
0:51 of 1st period - Slapshot by Seth Griffith.
0:51 of 1st period - Stopped by Thomas Greiss with a rebound.
1:39 of 1st period - Wrist shot by Tyler Randell.
1:39 of 1st period - Stopped by Dustin Tokarski with a rebound.
1:41 of 1st period - Snap shot by Tyler Randell.
1:41 of 1st period - Goal by Tyler Randell - Patriotes : 1 - Gangsters : 0.
1:42 of 1st period - Alexander Wennberg wins face-off versus Evgeny Kuznetsov in neutral zone.
2:07 of 1st period - Shane Sims is hit by Dave Dziurzynski and loses puck.
2:16 of 1st period - Wrist shot by Jason Zucker.
2:16 of 1st period - Shot Misses the Net.
2:30 of 1st period - Snap shot by Seth Griffith.
2:30 of 1st period - Shot Misses the Net.
2:32 of 1st period - Slapshot by Matt Delahey.
2:32 of 1st period - Stopped by Thomas Greiss without a rebound.
2:33 of 1st period - Evgeny Kuznetsov wins face-off versus Seth Griffith in Patriotes zone.
2:40 of 1st period - Snap shot by Evgeny Kuznetsov.
2:40 of 1st period - Deflect By Matt Calvert.
2:40 of 1st period - Shot Misses the Net.
2:40 of 1st period - Puck is out of play.
2:41 of 1st period - Tomas Hertl wins face-off versus Evgeny Kuznetsov in Gangsters zone.
2:52 of 1st period - Snap shot by Tomas Hertl.
2:52 of 1st period - Shot Blocked by Emerson Etem.
2:54 of 1st period - Backhand shot by Dave Dziurzynski.
2:54 of 1st period - Stopped by Thomas Greiss with a rebound.
2:56 of 1st period - Wrist shot by Richard Panik.
2:56 of 1st period - Shot Misses the Net.
3:26 of 1st period - Slapshot by Stefan Noesen.
3:26 of 1st period - Shot Hit the Post.
3:46 of 1st period - Artturi Lehkonen is hit by Jared Knight and loses puck.
4:26 of 1st period - Snap shot by Timothy Kunes.
4:26 of 1st period - Deflect By Tyler Randell.
4:26 of 1st period - Stopped by Dustin Tokarski with a rebound.
4:36 of 1st period - Wrist shot by Jason Zucker.
4:36 of 1st period - Stopped by Dustin Tokarski with a rebound.
4:56 of 1st period - Snap shot by Matt Calvert.
4:56 of 1st period - Stopped by Dustin Tokarski with a rebound.
4:58 of 1st period - Minor Penalty to Stefan Noesen for Roughing.
4:59 of 1st period - Christian Hanson wins face-off versus Richard Panik in Gangsters zone.
6:56 of 1st period - Aaron Ness is hit by Derrick Pouliot and loses puck.
6:58 of 1st period - Penalty to Stefan Noesen is over, Stefan Noesen is back on ice.
7:15 of 1st period - Snap shot by Jonas Brodin.
7:15 of 1st period - Stopped by Thomas Greiss without a rebound.
7:16 of 1st period - Alexander Wennberg wins face-off versus Borna Rendulic in Patriotes zone.
7:25 of 1st period - Snap shot by Devante Smith-Pelly.
7:25 of 1st period - Stopped by Thomas Greiss without a rebound.
7:26 of 1st period - Alexander Wennberg wins face-off versus Aleksander Barkov in Patriotes zone.
7:46 of 1st period - Wrist shot by Devante Smith-Pelly.
7:46 of 1st period - Stopped by Thomas Greiss with a rebound.
7:48 of 1st period - Snap shot by Alexander Wennberg.
7:48 of 1st period - Stopped by Thomas Greiss without a rebound.
7:49 of 1st period - Christian Hanson wins face-off versus Tomas Hertl in Patriotes zone.
8:03 of 1st period - Slapshot by Jason Zucker.
8:03 of 1st period - Stopped by Dustin Tokarski without a rebound.
8:04 of 1st period - Seth Griffith wins face-off versus Evgeny Kuznetsov in Gangsters zone.
8:09 of 1st period - Slapshot by Brett Ponich.
8:09 of 1st period - Shot Misses the Net.
8:11 of 1st period - Slapshot by Matt Delahey.
8:11 of 1st period - Shot Blocked by Aaron Ness.
8:13 of 1st period - Snap shot by Brett Ponich.
8:13 of 1st period - Deflect By Seth Griffith.
8:13 of 1st period - Shot Misses the Net.
8:13 of 1st period - Puck is out of play.
8:14 of 1st period - Evgeny Kuznetsov wins face-off versus Phillip Danault in Patriotes zone.
8:14 of 1st period - Evgeny Kuznetsov is hit by Matt Delahey.
8:20 of 1st period - Brett Ponich is hit by Matt Calvert and loses puck.
8:51 of 1st period - Snap shot by Stefan Noesen.
8:51 of 1st period - Stopped by Thomas Greiss with a rebound.
8:53 of 1st period - Slapshot by Brett Ponich.
8:53 of 1st period - Stopped by Thomas Greiss with a rebound.
8:55 of 1st period - Slapshot by Matt Delahey.
8:55 of 1st period - Stopped by Thomas Greiss with a rebound.
8:57 of 1st period - Snap shot by Matt Delahey.
8:57 of 1st period - Stopped by Thomas Greiss with a rebound.
9:13 of 1st period - Snap shot by Seth Griffith.
9:13 of 1st period - Shot Blocked by Emerson Etem.
9:15 of 1st period - Slapshot by Brett Ponich.
9:15 of 1st period - Shot Blocked by Aaron Ness.
9:17 of 1st period - Snap shot by Phillip Danault.
9:17 of 1st period - Stopped by Thomas Greiss with a rebound.
9:27 of 1st period - Slapshot by Emerson Etem.
9:27 of 1st period - Stopped by Dustin Tokarski with a rebound.
9:35 of 1st period - Aaron Ness is hit by Matt Delahey and loses puck.
11:00 of 1st period - Snap shot by Seth Griffith.
11:00 of 1st period - Deflect By Stefan Noesen.
11:00 of 1st period - Shot Blocked by Shea Theodore.
11:00 of 1st period - Puck is out of play.
11:01 of 1st period - Richard Panik wins face-off versus Christian Hanson in Patriotes zone.
11:04 of 1st period - Snap shot by Dave Dziurzynski.
11:04 of 1st period - Stopped by Thomas Greiss with a rebound.
11:34 of 1st period - Snap shot by Justin Florek.
11:34 of 1st period - Deflect By Aleksander Barkov.
11:34 of 1st period - Stopped by Dustin Tokarski without a rebound.
11:35 of 1st period - Tomas Hertl wins face-off versus Aleksander Barkov in Gangsters zone.
11:50 of 1st period - Wrist shot by Tomas Hertl.
11:50 of 1st period - Goal by Tomas Hertl - Patriotes : 1 - Gangsters : 1.
11:51 of 1st period - Christian Hanson wins face-off versus Tomas Hertl in neutral zone.
11:54 of 1st period - Snap shot by Jason Zucker.
11:54 of 1st period - Goal by Jason Zucker - Patriotes : 2 - Gangsters : 1.
11:55 of 1st period - Tomas Hertl wins face-off versus Christian Hanson in neutral zone.
12:49 of 1st period - Slapshot by Shea Theodore.
12:49 of 1st period - Stopped by Dustin Tokarski with a rebound.
13:52 of 1st period - Devante Smith-Pelly is hit by Dale Weise and loses puck.
14:07 of 1st period - Emerson Etem is hit by Richard Panik.
14:17 of 1st period - Seth Griffith is hit by Aleksander Barkov and loses puck.
14:38 of 1st period - Emerson Etem is hit by Artturi Lehkonen and loses puck.
14:58 of 1st period - Wrist shot by Matt Delahey.
14:58 of 1st period - Goal by Matt Delahey - Patriotes : 2 - Gangsters : 2.
14:59 of 1st period - Christian Hanson wins face-off versus Tomas Hertl in neutral zone.
15:25 of 1st period - Ryan Culkin is hit by Aleksander Barkov and loses puck.
15:50 of 1st period - Jonas Brodin is hit by Emerson Etem and loses puck.
17:17 of 1st period - Matt Delahey is hit by Jared Knight and loses puck.
17:23 of 1st period - Icing by Matt Delahey.
17:24 of 1st period - Seth Griffith wins face-off versus Christian Hanson in Gangsters zone.
17:33 of 1st period - Wrist shot by Stefan Noesen.
17:33 of 1st period - Stopped by Thomas Greiss without a rebound.
17:34 of 1st period - Tomas Hertl wins face-off versus Christian Hanson in Patriotes zone.
17:35 of 1st period - Snap shot by Richard Panik.
17:35 of 1st period - Deflect By Tomas Hertl.
17:35 of 1st period - Shot Misses the Net.
17:35 of 1st period - Puck is out of play.
17:36 of 1st period - Tomas Hertl wins face-off versus Christian Hanson in Patriotes zone.
17:41 of 1st period - Wrist shot by Dave Dziurzynski.
17:41 of 1st period - Stopped by Thomas Greiss with a rebound.
18:07 of 1st period - Wrist shot by Matt Calvert.
18:07 of 1st period - Deflect By Emerson Etem.
18:07 of 1st period - Goal by Emerson Etem - Patriotes : 3 - Gangsters : 2.
18:08 of 1st period - Christian Hanson wins face-off versus Tomas Hertl in neutral zone.
19:07 of 1st period - Slapshot by Emerson Etem.
19:07 of 1st period - Shot Blocked by Ryan Culkin.
19:09 of 1st period - Wrist shot by Evgeny Kuznetsov.
19:09 of 1st period - Shot Blocked by Ryan Culkin.
19:11 of 1st period - Slapshot by Aaron Ness.
19:11 of 1st period - Stopped by Dustin Tokarski with a rebound.
19:28 of 1st period - Slapshot by Shane Sims.
19:28 of 1st period - Shot Hit the Post.
19:38 of 1st period - Jared Knight is hit by Ryan Culkin and loses puck.
19:44 of 1st period - Off-side.
19:45 of 1st period - Christian Hanson wins face-off versus Alexander Wennberg in neutral zone.
19:48 of 1st period - Wrist shot by Christian Hanson.
19:48 of 1st period - Stopped by Dustin Tokarski with a rebound.
19:50 of 1st period - Slapshot by Christian Hanson.
19:50 of 1st period - Shot Blocked by Alexander Wennberg.
19:54 of 1st period - Slapshot by Jason Zucker.
19:54 of 1st period - Goal by Jason Zucker - Patriotes : 4 - Gangsters : 2.
19:54 of 1st period - Mike Condon enters game.
19:55 of 1st period - Christian Hanson wins face-off versus Tomas Hertl in neutral zone.
Goals for this period are 4 for Patriotes vs 2 for Gangsters.
Shots for this period are 15 for Patriotes vs 17 for Gangsters.
2nd period
0:01 of 2nd period - Christian Hanson wins face-off versus Tomas Hertl in neutral zone.
0:33 of 2nd period - Wrist shot by Alexander Wennberg.
0:33 of 2nd period - Deflect By Devante Smith-Pelly.
0:33 of 2nd period - Goal by Devante Smith-Pelly - Patriotes : 4 - Gangsters : 3.
0:34 of 2nd period - Tomas Hertl wins face-off versus Christian Hanson in neutral zone.
0:46 of 2nd period - Icing by Matt Delahey.
0:47 of 2nd period - Tomas Hertl wins face-off versus Christian Hanson in Gangsters zone.
2:02 of 2nd period - Snap shot by Jared Knight.
2:02 of 2nd period - Goal by Jared Knight - Patriotes : 5 - Gangsters : 3.
2:03 of 2nd period - Tomas Hertl wins face-off versus Jason Zucker in neutral zone.
2:28 of 2nd period - Shea Theodore is hit by Devante Smith-Pelly and loses puck.
2:44 of 2nd period - Icing by Jonas Brodin.
2:45 of 2nd period - Alexander Wennberg wins face-off versus Aleksander Barkov in Gangsters zone.
2:58 of 2nd period - Slapshot by Aaron Ness.
2:58 of 2nd period - Shot Misses the Net.
4:35 of 2nd period - Alexander Wennberg is hit by Justin Florek.
4:45 of 2nd period - Justin Florek is hit by Alexander Wennberg and loses puck.
5:19 of 2nd period - Matt Delahey is hit by Matt Calvert and loses puck.
5:24 of 2nd period - Snap shot by Evgeny Kuznetsov.
5:24 of 2nd period - Shot Blocked by Stefan Noesen.
6:06 of 2nd period - David Pope is hit by Jared Knight and loses puck.
6:19 of 2nd period - Tyler Randell is hit by Brett Ponich and loses puck.
6:26 of 2nd period - Snap shot by Artturi Lehkonen.
6:26 of 2nd period - Stopped by Thomas Greiss with a rebound.
6:28 of 2nd period - Wrist shot by Kevin Roy.
6:28 of 2nd period - Stopped by Thomas Greiss without a rebound.
6:29 of 2nd period - Emerson Etem wins face-off versus Tomas Hertl in Patriotes zone.
7:09 of 2nd period - Minor Penalty to Borna Rendulic for Boarding.
7:10 of 2nd period - Dave Dziurzynski wins face-off versus Jason Zucker in Patriotes zone.
7:26 of 2nd period - Wrist shot by Richard Panik.
7:26 of 2nd period - Goal by Richard Panik - Patriotes : 5 - Gangsters : 4.
7:27 of 2nd period - Christian Hanson wins face-off versus Tomas Hertl in neutral zone.
7:38 of 2nd period - Wrist shot by Richard Panik.
7:38 of 2nd period - Stopped by Thomas Greiss with a rebound.
7:44 of 2nd period - Brett Ponich is hit by Shane Sims and loses puck.
7:54 of 2nd period - Off-side.
7:55 of 2nd period - Evgeny Kuznetsov wins face-off versus Alexander Wennberg in neutral zone.
8:02 of 2nd period - Wrist shot by Matt Calvert.
8:02 of 2nd period - Stopped by Mike Condon with a rebound.
8:09 of 2nd period - Slapshot by Alexander Wennberg.
8:09 of 2nd period - Stopped by Thomas Greiss with a rebound.
8:18 of 2nd period - Icing by Shea Theodore.
8:19 of 2nd period - Evgeny Kuznetsov wins face-off versus Seth Griffith in Patriotes zone.
8:24 of 2nd period - Slapshot by Aaron Ness.
8:24 of 2nd period - Stopped by Mike Condon with a rebound.
8:40 of 2nd period - Minor Penalty to Brett Ponich for Elbowing.
8:41 of 2nd period - Christian Hanson wins face-off versus Richard Panik in Gangsters zone.
8:48 of 2nd period - Wrist shot by Christian Hanson.
8:48 of 2nd period - Shot Blocked by Steven Santini.
10:40 of 2nd period - Penalty to Brett Ponich is over, Brett Ponich is back on ice.
10:47 of 2nd period - Seth Griffith is hit by Borna Rendulic and loses puck.
11:09 of 2nd period - Icing by Jonas Brodin.
11:10 of 2nd period - Jared Knight wins face-off versus Kevin Roy in Gangsters zone.
11:47 of 2nd period - Dale Weise is hit by Artturi Lehkonen and loses puck.
12:22 of 2nd period - Timothy Kunes is hit by Steven Santini and loses puck.
12:37 of 2nd period - Sebastian Collberg is hit by Shane Sims and loses puck.
13:18 of 2nd period - Slapshot by Jared Knight.
13:18 of 2nd period - Stopped by Mike Condon with a rebound.
13:48 of 2nd period - Snap shot by Brett Ponich.
13:48 of 2nd period - Shot Misses the Net.
13:50 of 2nd period - Snap shot by Artturi Lehkonen.
13:50 of 2nd period - Deflect By Kevin Roy.
13:50 of 2nd period - Shot Misses the Net.
13:50 of 2nd period - Puck is out of play.
13:51 of 2nd period - Christian Hanson wins face-off versus Tomas Hertl in Patriotes zone.
14:16 of 2nd period - Devante Smith-Pelly is hit by Aaron Ness and loses puck.
14:35 of 2nd period - Slapshot by Aaron Ness.
14:35 of 2nd period - Deflect By Justin Florek.
14:35 of 2nd period - Stopped by Mike Condon without a rebound.
14:36 of 2nd period - Seth Griffith wins face-off versus Justin Florek in Gangsters zone.
14:41 of 2nd period - Aleksander Barkov is hit by Jonas Brodin and loses puck.
15:02 of 2nd period - Richard Panik is hit by Tyler Randell and loses puck.
15:11 of 2nd period - Wrist shot by Jason Zucker.
15:11 of 2nd period - Shot Blocked by Richard Panik.
15:34 of 2nd period - Devante Smith-Pelly is hit by Dillon Heatherington and loses puck.
16:00 of 2nd period - Phillip Danault is hit by Jason Zucker and loses puck.
16:46 of 2nd period - Jonas Brodin is hit by Shea Theodore and loses puck.
19:09 of 2nd period - Artturi Lehkonen is hit by Dillon Heatherington.
Goals for this period are 1 for Patriotes vs 2 for Gangsters.
Shots for this period are 5 for Patriotes vs 6 for Gangsters.
3rd period
0:01 of 3rd period - Christian Hanson wins face-off versus Tomas Hertl in neutral zone.
0:04 of 3rd period - Dave Dziurzynski is hit by Shane Sims and loses puck.
0:15 of 3rd period - Snap shot by Dave Dziurzynski.
0:15 of 3rd period - Shot Blocked by Tyler Randell.
0:36 of 3rd period - Slapshot by Shane Sims.
0:36 of 3rd period - Deflect By Emerson Etem.
0:36 of 3rd period - Shot Misses the Net.
0:36 of 3rd period - Puck is out of play.
0:37 of 3rd period - Tomas Hertl wins face-off versus Aleksander Barkov in Gangsters zone.
0:37 of 3rd period - Tomas Hertl is hit by Aleksander Barkov.
1:29 of 3rd period - Slapshot by Brett Ponich.
1:29 of 3rd period - Stopped by Thomas Greiss without a rebound.
1:30 of 3rd period - Seth Griffith wins face-off versus Christian Hanson in Patriotes zone.
1:43 of 3rd period - Wrist shot by Tyler Randell.
1:43 of 3rd period - Shot Blocked by Seth Griffith.
1:45 of 3rd period - Snap shot by Shane Sims.
1:45 of 3rd period - Shot Blocked by Jonas Brodin.
1:56 of 3rd period - Minor Penalty to Evgeny Kuznetsov for Hooking.
1:57 of 3rd period - Tomas Hertl wins face-off versus Jason Zucker in Patriotes zone.
2:12 of 3rd period - Slapshot by Tomas Hertl.
2:12 of 3rd period - Stopped by Thomas Greiss with a rebound.
2:29 of 3rd period - Timothy Kunes is hit by Brett Ponich.
3:56 of 3rd period - Penalty to Evgeny Kuznetsov is over, Evgeny Kuznetsov is back on ice.
4:05 of 3rd period - Snap shot by Aleksander Barkov.
4:05 of 3rd period - Shot Misses the Net.
4:07 of 3rd period - Wrist shot by Justin Florek.
4:07 of 3rd period - Stopped by Mike Condon with a rebound.
4:09 of 3rd period - Backhand shot by Borna Rendulic.
4:09 of 3rd period - Stopped by Mike Condon with a rebound.
4:11 of 3rd period - Snap shot by Dillon Heatherington.
4:11 of 3rd period - Shot Blocked by Jonas Brodin.
4:13 of 3rd period - Wrist shot by Dillon Heatherington.
4:13 of 3rd period - Deflect By Justin Florek.
4:13 of 3rd period - Shot Misses the Net.
4:13 of 3rd period - Puck is out of play.
4:14 of 3rd period - Aleksander Barkov wins face-off versus Seth Griffith in Gangsters zone.
4:27 of 3rd period - Wrist shot by Seth Griffith.
4:27 of 3rd period - Stopped by Thomas Greiss with a rebound.
4:29 of 3rd period - Slapshot by Ryan Culkin.
4:29 of 3rd period - Deflect By Seth Griffith.
4:29 of 3rd period - Goal by Seth Griffith - Patriotes : 5 - Gangsters : 5.
4:30 of 3rd period - Christian Hanson wins face-off versus Tomas Hertl in neutral zone.
4:32 of 3rd period - Minor Penalty to Shane Sims for Tripping.
4:33 of 3rd period - Tomas Hertl wins face-off versus Jason Zucker in Patriotes zone.
6:10 of 3rd period - Shea Theodore is hit by Richard Panik and loses puck.
6:32 of 3rd period - Penalty to Shane Sims is over, Shane Sims is back on ice.
6:50 of 3rd period - Icing by Austin Watson.
6:51 of 3rd period - Seth Griffith wins face-off versus Justin Florek in Patriotes zone.
7:02 of 3rd period - Slapshot by Seth Griffith.
7:02 of 3rd period - Shot Misses the Net.
8:06 of 3rd period - Dale Weise is hit by Steven Santini and loses puck.
8:58 of 3rd period - Icing by Brett Ponich.
8:59 of 3rd period - Sebastian Collberg wins face-off versus Evgeny Kuznetsov in Gangsters zone.
9:51 of 3rd period - Derrick Pouliot is hit by Evgeny Kuznetsov and loses puck.
10:04 of 3rd period - Snap shot by Artturi Lehkonen.
10:04 of 3rd period - Shot Misses the Net.
10:41 of 3rd period - Slapshot by Matt Calvert.
10:41 of 3rd period - Stopped by Mike Condon with a rebound.
10:45 of 3rd period - Snap shot by Matt Calvert.
10:45 of 3rd period - Stopped by Mike Condon with a rebound.
10:55 of 3rd period - Slapshot by Matt Calvert.
10:55 of 3rd period - Shot Blocked by Matt Delahey.
10:57 of 3rd period - Snap shot by Evgeny Kuznetsov.
10:57 of 3rd period - Shot Misses the Net.
10:59 of 3rd period - Slapshot by Shane Sims.
10:59 of 3rd period - Deflect By Matt Calvert.
10:59 of 3rd period - Deflect By Kevin Roy.
10:59 of 3rd period - Stopped by Mike Condon without a rebound.
11:00 of 3rd period - Christian Hanson wins face-off versus Tomas Hertl in Gangsters zone.
11:40 of 3rd period - Stefan Noesen is hit by Borna Rendulic.
12:00 of 3rd period - Minor Penalty to Jordan Subban for Close Hand On Puck.
12:01 of 3rd period - Richard Panik wins face-off versus Christian Hanson in Gangsters zone.
12:06 of 3rd period - Wrist shot by Jason Zucker.
12:06 of 3rd period - Stopped by Mike Condon without a rebound.
12:07 of 3rd period - Christian Hanson wins face-off versus Richard Panik in Gangsters zone.
12:08 of 3rd period - Snap shot by Jason Zucker.
12:08 of 3rd period - Deflect By Richard Panik.
12:08 of 3rd period - Goal by Jason Zucker - Patriotes : 6 - Gangsters : 5.
12:09 of 3rd period - Christian Hanson wins face-off versus Tomas Hertl in neutral zone.
12:14 of 3rd period - Snap shot by Christian Hanson.
12:14 of 3rd period - Stopped by Mike Condon with a rebound.
12:42 of 3rd period - Minor Penalty to Brett Ponich for Tripping.
12:43 of 3rd period - Richard Panik wins face-off versus Christian Hanson in Gangsters zone.
12:55 of 3rd period - Snap shot by Jason Zucker.
12:55 of 3rd period - Shot Misses the Net.
12:57 of 3rd period - Backhand shot by Jason Zucker.
12:57 of 3rd period - Shot Misses the Net.
12:59 of 3rd period - Snap shot by Christian Hanson.
12:59 of 3rd period - Goal by Christian Hanson - Patriotes : 7 - Gangsters : 5.
13:00 of 3rd period - Tomas Hertl wins face-off versus Christian Hanson in neutral zone.
13:11 of 3rd period - Slapshot by Jason Zucker.
13:11 of 3rd period - Deflect By Richard Panik.
13:11 of 3rd period - Shot Misses the Net.
13:11 of 3rd period - Puck is out of play.
13:12 of 3rd period - Tomas Hertl wins face-off versus Christian Hanson in Gangsters zone.
13:33 of 3rd period - Minor Penalty to Christian Hanson for Cross-checking.
13:34 of 3rd period - Tomas Hertl wins face-off versus Jason Zucker in Patriotes zone.
15:33 of 3rd period - Penalty to Christian Hanson is over, Christian Hanson is back on ice.
16:08 of 3rd period - Evgeny Kuznetsov is hit by Kevin Roy and loses puck.
16:13 of 3rd period - Snap shot by Jonas Brodin.
16:13 of 3rd period - Deflect By Artturi Lehkonen.
16:13 of 3rd period - Stopped by Thomas Greiss with a rebound.
16:51 of 3rd period - Christian Hanson is hit by Tomas Hertl and loses puck.
17:27 of 3rd period - Icing by Jordan Subban.
17:28 of 3rd period - Tomas Hertl wins face-off versus Christian Hanson in Gangsters zone.
17:48 of 3rd period - Derrick Pouliot is hit by Aaron Ness and loses puck.
Goals for this period are 2 for Patriotes vs 1 for Gangsters.
Shots for this period are 9 for Patriotes vs 5 for Gangsters.
Back to the Top